 Dungeon Crawl Stone Soup version 0.31-a0-702-gf82c85558f (webtiles) character file.

Game seed: 2647152856342183729

10304 Shayle the Fighter (level 11, 0/127 HPs)
             Began as an Ogre Shapeshifter on Sept 8, 2023.
             Was an Initiate of Gozag.
             Slain by a troll (5 damage)
             ... on level 12 of the Dungeon.
             The game lasted 00:40:23 (14092 turns).

Shayle the Fighter (Ogre Shapeshifter)             Turns: 14092, Time: 00:40:24

Health: 0/127      AC: 16    Str: 36    XL:     11   Next: 60%
Magic:  26/26      EV: 12    Int: 15    God:    Gozag
Gold:   1200       SH:  0    Dex:  8    Spells: 32/32 levels left

rFire   . . .        H - +2 whip of Salt {protect, rPois Str+4 SInv}
rCold   . . .        (no shield)
rNeg    . . .        g - +3 steam dragon scales
rPois   +            (helmet currently unavailable)
rElec   .            (cloak currently unavailable)
rCorr   .            (gloves unavailable)
SInv    +            (boots unavailable)
Will    +....        (no amulet)
Stlth   +            k - +6 ring of strength
HPRegen 0.41/turn    l - +6 ring of strength
MPRegen 0.20/turn

%: no passive effects
@: beast-form, under a protective aura, studying Dodging
A: beast (slay +1), large, unfitting armour, tough skin 1
a: Begin Untransformation, Renounce Religion, Potion Petition, Call Merchant,
Bribe Branch


You were on level 12 of the Dungeon.
You worshipped Gozag.
Gozag was most pleased with you.
You were a hulking beast.
You visited 3 branches of the dungeon, and saw 14 of its levels.

You collected 1709 gold pieces.
You spent 33 gold pieces at shops.
You paid 476 gold pieces to Gozag.

Inventory:

Hand Weapons
 b - a +0 scythe of distortion
 h - a +2 falchion of electrocution
 i - a +6 flail of protection
 s - a +1 giant spiked club
 G - the +1 dagger of Yloibi {flame, Stlth+}
   (You found it on level 10 of the Dungeon)

   Stlth+:    It makes you more stealthy.
 H - the +2 whip of Salt (weapon) {protect, rPois Str+4 SInv}
   (You found it on level 10 of the Dungeon)

   Str+4:     It affects your strength (+4).
   rPois:     It protects you from poison SInv: It lets you see invisible.
Missiles
 p - 7 curare-tipped darts (quivered)
 y - 3 throwing nets
Armour
 a - a +1 animal skin
 g - +3 steam dragon scales (worn)
 x - a +2 robe of willpower
 J - an orb of guile
Jewellery
 f - a ring of fire
 k - a +6 ring of strength (left hand)
 l - a +6 ring of strength (right hand)
 o - a ring of flight
 w - an amulet of faith
 F - a ring of wizardry
Talismans
 c - a beast talisman (active)
 d - a flux talisman
Wands
 t - a wand of flame (12)
 v - a wand of polymorph (15)
 I - a wand of mindburst (3)
Scrolls
 e - 5 scrolls of amnesia
 n - a scroll of poison
 u - a scroll of vulnerability
 A - 2 scrolls of identify
 C - a scroll of revelation
Potions
 j - a potion of mutation {unknown}
 m - 3 potions of haste
 r - a potion of resistance {unknown}
 z - 5 potions of curing
 B - 2 potions of degeneration {unknown}
 D - 2 potions of magic {unknown}


   Skills:
 + Level 13.2 Fighting
 + Level 11.8 Dodging
 - Level 6.2 Unarmed Combat
 + Level 11.0 Spellcasting
 - Level 3.0 Shapeshifting


You had 32 spell levels left.
You didn't know any spells.
Your spell library contained the following spells:

 Spells                   Type           Power      Damage    Failure   Level
 Foxfire                  Conj/Fire      32%        2x1d5     9%          1
 Magic Dart               Conj           32%        1d4       9%          1
 Cigotuvi's Dreadful Rot  Necr/Pois/Air  16%        N/A       13%         2
 Lesser Beckoning         Tloc           16%        N/A       13%         2
 Searing Ray              Conj           16%        2d5       13%         2
 Gell's Gravitas          Tloc           8%         N/A       26%         3
 Hailstorm                Conj/Ice       8%         3d4       26%         3
 Ignite Poison            Fire/Tmut/Pois 8%         N/A       26%         3
 Teleport Other           Tloc           8%         N/A       26%         3
 Fulminant Prism          Conj/Hex       4%         3d5       65%         4
 Summon Ice Beast         Ice/Summ       8%         N/A       65%         4
 Freezing Cloud           Conj/Ice/Air   4%         6-21      94%         5
 Plasma Beam              Fire/Air       4%         2x1d14    100%        6
 Starburst                Conj/Fire      4%         6d3       100%        6
 Simulacrum               Ice/Necr       Unusable   N/A       N/A         6

Dungeon Overview and Level Annotations

Branches:
Dungeon (12/15)            Temple (1/1) D:6            Lair (1/5) D:11
    Orc: D:9-12

Altars:
Ashenzari
Cheibriados
Dithmenos
Elyvilon
Fedhas
Gozag
Hepliaklqana
Kikubaaqudgha
Makhleb
Nemelex Xobeh
Okawaru
Qazlal
Ru
Sif Muna
Trog
Uskayaw
Vehumet
Wu Jian
Xom
Yredelemnul
Zin
The Shining One

Shops:
D:1 [   D:2 ?   D:3 *   D:4 :

Annotations:
D:6 Duvessa
D:7 3 runed translucent doors, SirDiesAlot's ghost, novice OpFE
D:8 2 runed translucent doors, Ekaitz's ghost, novice DsEE
D:10 1 runed translucent door, Age's ghost, journeyman MiFi
D:11 2 transporters, dxb338's ghost, journeyman FeSh
D:12 Lodul


Innate Abilities, Weirdness & Mutations

You are a hulking beast.
Your limbs bulge with bestial killing power. (Slay +1)
You are too large for most types of armour.
You have tough skin. (AC +1)


Message History

The fire elemental misses you.
Unknown command.
You closely miss the deep elf pyromancer.
The deep elf pyromancer is heavily wounded.
The deep elf pyromancer casts a spell at you.
The bolt of fire hits you!!
* * * LOW HITPOINT WARNING * * *
The fire elemental hits you. The fire elemental burns you!
* * * LOW HITPOINT WARNING * * *
You feel much better. The fire elemental misses you.
An ogre comes into view. It is wielding a +0 giant club.
The deep elf pyromancer misses you. The fire elemental hits you.
The fire elemental burns you!
You whack the deep elf pyromancer! You punch the deep elf pyromancer.
The deep elf pyromancer is severely wounded.
The deep elf pyromancer closely misses you.
Lodul the Thunderous comes into view.
He is wielding a +0 dire flail.
The fire elemental misses you. The troll bites you but does no damage.
The troll barely misses you. The troll claws you but does no damage.
The deep elf pyromancer hits you but does no damage.
The air fills with toxic fumes!
As you read the scroll of poison, it crumbles to dust.
The fire elemental hits you. The fire elemental burns you!
* * * LOW HITPOINT WARNING * * *
The troll bites you but does no damage. The troll claws you but does no damage.
The troll completely misses you. The ogre hits you with a +0 giant club!
* * * LOW HITPOINT WARNING * * *
The deep elf pyromancer hits you with a +0 dagger.
* * * LOW HITPOINT WARNING * * *
You hit the deep elf pyromancer.
The deep elf pyromancer is severely wounded.
You carefully extract the barbed spikes from your body.
The fire elemental barely misses you. The fire elemental hits you.
The fire elemental burns you!
* * * LOW HITPOINT WARNING * * *
The troll bites you!
* * * LOW HITPOINT WARNING * * *
The troll claws you but does no damage. The troll claws you.
You die...
Your body crumbles into a pile of gold.

O.......
....c... §
........ §§
........ ##§§§
<......# §§§§§§
....... §
###§§§§.§
§§§§###§e§§§O§§
§§§§§§ThE§§§§§§
§§§§§###O§§§§§§
### #§§§§§§
#§§§§§ #§§##
#§# ##


You could see Lodul, a deep elf pyromancer, a troll, a fire elemental (summoned)
and an ogre.

Vanquished Creatures
  2 two-headed ogres
  An unseen horror (D:11)
  A kobold demonologist (D:11)
  2 trolls (D:11)
  Sigmund (D:3)
  A vampire (D:10)
  A wraith (D:10)
  A shadow (D:11)
  18 yaks
  3 wyverns
  4 steam dragons
  4 vampire mosquitoes
  Edmund (D:5)
  3 water moccasins
  4 sky beasts
  3 orc warriors
  2 black bears
  2 ice beasts
  3 centaurs
  2 kobold brigands
  6 bullfrogs
  3 scorpions
  Dowan (D:6)
  3 killer bees (D:10)
  6 howler monkeys
  A hound (D:5)
  2 jellies (D:5)
  2 gnoll boudas
  4 orc priests
  2 sleepcaps
  5 orc wizards
  Ijyb (D:4)
  11 gnolls
  10 adders
  A shadow imp (D:8)
  A white imp (D:8)
  2 dart slugs
  27 orcs
  3 ball pythons (D:4)
  4 bats
  7 endoplasms
  4 giant cockroaches
  17 goblins
  6 hobgoblins
  A jackal (D:4)
  4 frilled lizards
  11 kobolds
  A rat (D:3)
205 creatures vanquished.

Vanquished Creatures (others)
  A quokka (D:9)
1 creature vanquished.

Grand Total: 206 creatures vanquished

Notes
Turn   | Place    | Note
-------+----------+-------------------------------------------
     0 | D:1      | Shayle the Ogre Shapeshifter began the quest for the Orb.
     0 | D:1      | Reached XP level 1. HP: 19/19 MP: 1/1
    89 | D:1      | Found Wapossoch's Antique Armour Boutique.
   393 | D:1      | Reached skill level 2 in Fighting
   421 | D:1      | Reached skill level 1 in Spellcasting
   421 | D:1      | Reached XP level 2. HP: 20/28 MP: 3/3
   748 | D:3      | Noticed Sigmund
   932 | D:2      | Found Bakioj's Magic Scroll Shop.
   946 | D:2      | Bought a scroll of identify for 22 gold pieces
   946 | D:2      | Bought a scroll of noise for 11 gold pieces
   968 | D:2      | Reached skill level 3 in Fighting
   968 | D:2      | Reached XP level 3. HP: 24/37 MP: 4/6
  1127 | D:2      | Reached XP level 4. HP: 38/48 MP: 7/7
  1342 | D:2      | Found a faded altar of an unknown god.
  1499 | D:2      | Found a glowing silver altar of Zin.
  2020 | D:3      | Found Memizom's General Store.
  2082 | D:3      | Killed Sigmund
  2083 | D:3      | Reached skill level 5 in Fighting
  2083 | D:3      | Reached XP level 5. HP: 38/57 MP: 8/11
  2083 | D:3      | Reached XP level 6. HP: 45/66 MP: 8/12
  2371 | D:4      | Noticed a yak
  2632 | D:4      | Reached skill level 6 in Fighting
  2679 | D:4      | Noticed Ijyb
  2693 | D:4      | Killed Ijyb
  3162 | D:4      | Noticed a sky beast
  3175 | D:4      | Killed a sky beast
  3176 | D:4      | Reached skill level 5 in Spellcasting
  3176 | D:4      | Reached XP level 7. HP: 54/76 MP: 14/14
  3419 | D:4      | Found a radiant altar of Vehumet.
  3691 | D:4      | Found Cukeps's Book Shop.
  3910 | D:5      | Entered Level 5 of the Dungeon
  3991 | D:5      | Noticed Edmund
  4250 | D:6      | Reached skill level 7 in Fighting
  4406 | D:6      | Noticed a steam dragon
  4421 | D:6      | Killed a steam dragon
  4434 | D:6      | Reached XP level 8. HP: 9/87 MP: 16/16
  4438 | D:6      | HP: 4/87 [poisoned by an adder]
  5008 | D:6      | Noticed Dowan
  5012 | D:6      | Found a bloodstained altar of Trog.
  5032 | D:6      | Noticed Duvessa
  5196 | D:6      | Found a staircase to the Ecumenical Temple.
  5208 | Temple   | Entered the Ecumenical Temple
  5225 | Temple   | Became a worshipper of Gozag Ym Sagoz the Greedy
  5694 | D:4      | Killed a yak
  5695 | D:4      | Reached skill level 8 in Fighting
  5695 | D:4      | Reached skill level 5 in Dodging
  5906 | D:5      | Killed Edmund
  5968 | D:5      | Found a shimmering altar of Xom.
  6299 | D:6      | Killed Dowan
  6414 | D:7      | Found a sacrificial altar of Ru.
  6452 | D:7      | Reached XP level 9. HP: 87/97 MP: 19/19
  6454 | D:7      | Reached skill level 5 in Unarmed Combat
  6738 | D:8      | Reached skill level 9 in Fighting
  6935 | D:8      | Found a broken altar of Ashenzari.
  7052 | D:8      | Found a large runed translucent door.
  7052 | D:8      | Found a large runed translucent door.
  7057 | D:8      | Noticed Ekaitz's ghost (novice DsEE)
  7325 | D:8      | Found a hazy altar of Hepliaklqana.
  7863 | D:9      | Noticed a two-headed ogre
  7872 | D:9      | Killed a two-headed ogre
  7873 | D:9      | Reached skill level 10 in Fighting
  7873 | D:9      | Reached XP level 10. HP: 34/110 MP: 20/22
  8388 | D:9      | Found a shadowy altar of Dithmenos.
  8544 | D:10     | Entered Level 10 of the Dungeon
  8635 | D:9      | Reached skill level 11 in Fighting
  9192 | D:10     | Reached skill level 10 in Dodging
  9474 | D:10     | Reached skill level 12 in Fighting
  9474 | D:10     | Reached skill level 10 in Spellcasting
  9474 | D:10     | Reached XP level 11. HP: 101/123 MP: 23/25
  9547 | D:10     | Found a sparkling altar of Nemelex Xobeh.
  9594 | D:10     | Identified the +1 dagger of Yloibi {flame, Stlth+}
  9596 | D:10     | Found a runed translucent door.
  9596 | D:10     | Noticed Age's ghost (journeyman MiFi)
  9931 | D:9      | Found a white marble altar of Elyvilon.
 10247 | D:10     | Identified the +2 whip of Salt {protect, rPois Str+4 SInv}
 10385 | D:10     | Found a glowing golden altar of the Shining One.
 10530 | D:11     | Noticed dxb338's ghost (journeyman FeSh)
 10531 | D:11     | Noticed a tengu warrior
 10531 | D:11     | Noticed a two-headed ogre
 10555 | D:11     | Found a transporter.
 10563 | D:11     | Found a transporter.
 10568 | D:11     | Noticed a moth of wrath
 10569 | D:11     | Found a bloodstained altar of Trog.
 10569 | D:11     | Noticed a two-headed ogre
 10573 | D:11     | Noticed a two-headed ogre
 10881 | D:11     | Noticed a two-headed ogre
 10886 | D:11     | Killed a two-headed ogre
 11397 | D:11     | Found a staircase to the Lair.
 11847 | D:11     | Reached skill level 13 in Fighting
 11929 | D:12     | Noticed a manticore
 12237 | D:10     | Found a basalt altar of Yredelemnul.
 13221 | D:7      | Found an iron altar of Okawaru.
 13268 | D:7      | Found a runed translucent gate.
 13268 | D:7      | Found a runed translucent gate.
 13268 | D:7      | Found a runed translucent gate.
 13513 | D:7      | Noticed SirDiesAlot's ghost (novice OpFE)
 14055 | Lair:1   | Entered Level 1 of the Lair of Beasts
 14068 | D:12     | Noticed a cyclops
 14083 | D:12     | Noticed a deep elf pyromancer
 14090 | D:12     | Noticed Lodul
 14092 | D:12     | HP: 5/127 [troll (11)]
 14092 | D:12     | Slain by a troll

Illustrated notes

Levels and vault maps discovered:
D:1:      saegor_arrival_simple_a, layout_rooms, serial_shops,
          nicolae_shop_statue_plus
D:2:      layout_basic, shapermc_ecumenical_altar_mp_urbaneastern, serial_shops,
          nicolae_shop_window_shopping, basic_altar
D:3:      layout_loops_cross, serial_shops, shop_fountains, nicolae_the_louvre,
          uniq_sigmund
D:4:      layout_loops_ring, vehumet_crystals, serial_shops, shop,
          minmay_manual_moon, uniq_ijyb
D:5:      layout_cave_pools, xom_butterflies, uniq_edmund
D:6:      layout_cave_pools, mainiacjoe_overflow_concentric_impassable,
          minmay_temple_entry_glassed_door, uniq_duvessa
D:7:      layout_layer_cave, nicolae_ru_great_annihilating_truth,
          kennysheep_okawaru_gauntlet, gammafunk_ghost_icy
D:8:      layout_basic, mainiacjoe_overflow_tiny_flanked, marbit_many_paths,
          ebering_ghost_disaster_area, kennysheep_generic_room_2
D:9:      layout_gridville, lemuel_tele_altar, elyvilon_altar_4,
          nicolae_figureground_pulse
D:10:     layout_basic, lemuel_coloured_pillars_altar,
          mainiacjoe_overflow_paths, mainiacjoe_overflow_cross_hatched,
          gammafunk_ghost_grave
D:11:     layout_stronghold, due_lair_maze_entry_diamond,
          gammafunk_ghost_wrathful_warriors
D:12:     minmay_chambers_of_sevens, layout_rooms, david_orc_3, uniq_lodul
Temple:   eino_wide_crystal_templ
Lair:1:   gammafunk_worm_tunnel, layout_layer_cave, portal_ice_cave_entry_imps,
          st_stairs_4, pdpol_lair_neglected_garden, infiniplex_staircase_pool,
          lemuel_fruit_fields, uniq_amaemon

Skill      XL: |  1  2  3  4  5  6  7  8  9 10 11 |
---------------+----------------------------------+-----
Fighting       | 2 3 5 6 7 8 10 12 13 | 13.2
Spellcasting   | 1 2 4 5 6 8 10 11 | 11.0
Dodging        | 2 3 6 8 10 11 | 11.8
Unarmed Combat | 3 4 6 |  6.2
Shapeshifting  | |  3.0

Action                     |  1- 3 |  4- 6 |  7- 9 | 10-12 || total
---------------------------+-------+-------+-------+-------++-------
  Melee: Unarmed           |    76 |   120 |   143 |       ||   339
         Punch             |     2 |       |     9 |    20 ||    31
         Flail             |       |       |   120 |   182 ||   302
         Whip              |       |       |       |   267 ||   267
  Throw: Dart              |       |     2 |     6 |       ||     8
 Invoke: Potion Petition   |       |       |       |     1 ||     1
  Evoke: Wand              |       |       |    10 |    16 ||    26
    Use: Scroll            |     2 |       |    14 |     8 ||    24
         Potion            |     2 |     2 |     5 |     1 ||    10
   Stab: Paralysed         |       |       |     5 |       ||     5
         Invisible         |       |       |     2 |       ||     2
 Armour: Animal skin       |    47 |    76 |   103 |       ||   226
         Skin              |       |     2 |    29 |       ||    31
         Steam dragon scal |       |       |   141 |   555 ||   696
  Dodge: Dodged            |    31 |    52 |   129 |   404 ||   616

Table legend: (Time is in decaauts)
 A = Elapsed time spent in this place.
 B = Non-inter-level travel time spent in this place.
 C = Inter-level travel time spent in this place.
 D = Time resting spent in this place.
 E = Time spent auto-exploring this place.
 F = Levels seen in this place.
 G = Mean time per level.
                   A        B        C        D        E       F      G
               +--------+--------+--------+--------+--------+-----+--------+
         Total |  14264 |  13335 |    929 |   3539 |   6643 |  14 | 1018.9 |
       Dungeon |  14228 |  13314 |    914 |   3539 |   6643 |  12 | 1185.7 |
        Temple |     32 |     17 |     15 |      0 |      0 |   1 |   32.0 |
          Lair |      3 |      3 |      0 |      0 |      0 |   1 |    3.0 |
               +--------+--------+--------+--------+--------+-----+--------+

Top non-repeatable levels by time:
    D:11: 1926 daAuts
     D:9: 1631 daAuts
     D:7: 1536 daAuts
     D:6: 1517 daAuts
    D:10: 1424 daAuts
     D:4: 1361 daAuts
     D:3: 1246 daAuts
     D:8: 1209 daAuts
     D:2: 969 daAuts
     D:5: 834 daAuts
     D:1: 525 daAuts
    D:12: 45 daAuts
  Temple: 32 daAuts
  Lair:1: 3 daAuts
